 Dungeon Crawl Stone Soup version 0.27.0-1-g7a089689b8 (webtiles) character file.

Game seed: 6803895032811513338

193 Smaepdii the Digger (level 5, 0/42 HPs)
             Began as a Draconian Earth Elementalist on Aug 12, 2021.
             Slain by a scorpion (7 damage)
             ... on level 4 of the Dungeon.
             The game lasted 00:20:01 (4530 turns).

Smaepdii the Digger (Draconian Earth Elementalist)  Turns: 4530, Time: 00:20:01

Health: 0/42       AC:  5    Str: 10    XL:     5   Next: 43%
Magic:  8/8        EV: 12    Int: 17    God:
Gold:   160        SH:  0    Dex: 11    Spells: 5/8 levels left

rFire    . . .     SeeInvis .   g - +0 dagger (protect)
rCold    . . .     Faith    .   (no shield)
rNeg     . . .     Spirit   .   (armour unavailable)
rPois    .         Reflect  .   (helmet restricted)
rElec    .         Harm     .   (no cloak)
rCorr    .         Rampage  .   (no gloves)
Will     .....                  (no boots)
Stlth    ++........             (no amulet)
HPRegen  0.14/turn              (no ring)
MPRegen  0.11/turn              (no ring)

@: no status effects
A: AC +5, unfitting armour, cold-blooded
a: no special abilities


You were on level 4 of the Dungeon.
You visited 1 branch of the dungeon, and saw 4 of its levels.

You collected 160 gold pieces.

Inventory:

Hand Weapons
 g - a +0 dagger of protection (weapon)
Magical Staves
 d - a staff of air
Jewellery
 e - a ring of protection from cold
 o - a ring of protection from fire
Wands
 f - a wand of iceblast (4)
 j - a wand of polymorph (1)
Scrolls
 h - a scroll of blinking {unknown}
Potions
 i - 2 potions of might
 k - 2 potions of magic {unknown}
 n - a potion of ambrosia {unknown}


   Skills:
 + Level 2.4 Fighting
 + Level 2.9 Dodging
 - Level 1.7 Stealth
 - Level 2.0 Spellcasting
 + Level 1.2 Conjurations
 - Level 1.0 Transmutations
 * Level 4.7 Earth Magic


You had 5 spell levels left.
You knew the following spells:

 Your Spells              Type           Power      Damage    Failure   Level
a - Sandblast             Erth           34%        2d9       2%          1
b - Passwall              Tmut/Erth      9%         N/A       9%          2

Your spell library contained the following spells:

 Spells                   Type           Power      Damage    Failure   Level
 Stone Arrow              Conj/Erth      22%        3d8       17%         3
 Animate Skeleton         Necr           2%         N/A       19%         1
 Pain                     Necr           4%         1d4       19%         1
 Vampiric Draining        Necr           0%         2d6       50%         3
 Petrify                  Tmut/Erth      11%        N/A       52%         4


Dungeon Overview and Level Annotations

Branches:
Dungeon (4/15)
 Temple: D:4-7

Altars:
Nemelex Xobeh
Okawaru

Shops:
D:1 *!   D:3 [   D:4 *


Innate Abilities, Weirdness & Mutations

Your plain brown scales are hard. (AC +5)
You cannot fit into any form of body armour.
You are cold-blooded and may be slowed by cold attacks.


Message History

You feel sick.
You are no longer poisoned.
You start resting.
A scorpion is nearby!
A scorpion is nearby!
The scorpion misses you.
You closely miss the scorpion.
The scorpion is heavily wounded.
Your ball python closely misses the scorpion.
Your ball python misses the scorpion.
The scorpion misses you.
You barely miss the scorpion.
The scorpion is heavily wounded.
Your ball python bites the scorpion.
Your ball python grabs the scorpion.
Your ball python constricts the scorpion.
The scorpion stings you but does no damage.
Your ball python bites the scorpion.
Your ball python constricts the scorpion.
The scorpion struggles to escape constriction.
Your ball python bites the scorpion but does no damage.
Your ball python constricts the scorpion.
The scorpion struggles to escape constriction.
Your ball python bites the scorpion but does no damage.
Your ball python constricts the scorpion.
The scorpion struggles to escape constriction.
Your ball python bites the scorpion but does no damage.
Your ball python constricts the scorpion.
The scorpion escapes!
The scorpion stings you.
* * * LOW HITPOINT WARNING * * *
You are lethally poisoned!
The scorpion poisons you!
It was a potion of curing.
You feel better.
Your ball python bites the scorpion but does no damage.
Your ball python grabs the scorpion.
Your ball python constricts the scorpion.
The scorpion stings you.
* * * LOW HITPOINT WARNING * * *
Your ball python bites the scorpion but does no damage.
Your ball python constricts the scorpion.
The scorpion stings you!
You die...

# #. ####.####
........# ........#
#.#...#.########
...........wSs.####
#.##.##.######@##.##
#.##.##.# #.#.#.##
#.......# #..###.#
###..s### ###.#.##
#..wS.# ####.##
#....s..# ##.##.#
#.........####...#.#
+.........+........#
#.........#......#.#


You could see a scorpion (ally target), a friendly worm (summoned) and a
friendly ball python (summoned).

Vanquished Creatures
  An orc priest (D:4)
  Ijyb (D:3)
  3 adders
  An ufetubus (D:4)
  2 dart slugs
  5 orcs
  4 ball pythons
  8 endoplasms
  4 giant cockroaches
  16 goblins
  3 hobgoblins
  18 jackals
  6 kobolds
  2 quokkas
  6 bats
  3 frilled lizards
  3 rats
86 creatures vanquished.

Vanquished Creatures (others)
  A fungus (D:1)
1 creature vanquished.

Grand Total: 87 creatures vanquished

Notes
Turn   | Place    | Note
-------+----------+-------------------------------------------
     0 | D:1      | Smaepdii the Draconian Earth Elementalist began the quest
                  | for the Orb.
     0 | D:1      | Reached XP level 1. HP: 14/14 MP: 3/3
   110 | D:1      | Found Filuam's Assorted Antiques.
   328 | D:1      | Found Nuihar's Distillery.
   349 | D:1      | Reached XP level 2. HP: 22/22 MP: 3/5
   427 | D:1      | Found a faded altar of an unknown god.
   440 | D:1      | Reached skill level 1 in Fighting
  1284 | D:2      | Reached XP level 3. HP: 28/28 MP: 1/6
  1740 | D:2      | Reached skill level 4 in Earth Magic
  2197 | D:3      | Reached XP level 4. HP: 36/36 MP: 5/7
  2249 | D:3      | Found Besodgh's Antique Armour Boutique.
  2264 | D:3      | Noticed Ijyb
  2306 | D:3      | Killed Ijyb
  2463 | D:3      | Found an iron altar of Okawaru.
  3049 | D:3      | Found a sparkling altar of Nemelex Xobeh.
  3410 | D:4      | Found Kydaal's General Store.
  3520 | D:3      | Reached XP level 5. HP: 29/41 MP: 1/8
  3665 | D:4      | Reached skill level 1 in Conjurations
  3701 | D:4      | Learned a level 2 spell: Passwall
  4530 | D:4      | Slain by a scorpion

Illustrated notes

Levels and vault maps discovered:
D:1:      wheals_arrival_linesprint, layout_basic, serial_shops, shop,
          nicolae_shop_stone, shapermc_ecumenical_altar_rom_forum
D:2:      layout_basic
D:3:      layout_basic, okawaru_gym_becter, mainiacjoe_overflow_brackets,
          serial_shops, nicolae_shop_window_shopping, minmay_quadrilaterals,
          uniq_ijyb
D:4:      layout_loops_corners, serial_shops, nicolae_square_shop

Skill      XL: |  1  2  3  4  5 |
---------------+----------------+-----
Dodging        | 2 |  2.9
Fighting       | 1 2 |  2.4
Earth Magic    | 4 |  4.7
Conjurations   | 1 |  1.2
Stealth        | |  1.7
Spellcasting   | |  2.0
Transmutations | |  1.0

Action                   |  1- 3 |  4- 6 || total
-------------------------+-------+-------++-------
Melee: Unarmed           |    18 |       ||    18
       Tailslap          |     2 |     6 ||     8
       Dagger            |     5 |    75 ||    80
 Cast: Sandblast         |    67 |    58 ||   125
Evoke: Wand              |       |     3 ||     3
  Use: Scroll            |       |     6 ||     6
       Potion            |       |     1 ||     1
Armor: Skin              |    24 |    36 ||    60
Dodge: Dodged            |    32 |    60 ||    92
